 Dungeon Crawl Stone Soup version 0.32-a0-22-g6ae6769602 (webtiles) character file.

Game seed: 8343070039359495499

33287 jasper the Grappler (level 13, -4/94 (114) HPs)
             Began as an Armataur Shapeshifter on Jan 18, 2024.
             Was an Initiate of Yredelemnul.
             Slain by a laughing skull (9 damage)
             ... in a Gauntlet.
             The game lasted 00:26:11 (13431 turns).

jasper the Grappler (Armataur Shapeshifter)        Turns: 13431, Time: 00:26:11

HP:   -4/94 (114)   AC: 10    Str: 23    XL:     13   Next: 36%
MP:   20/20         EV: 10    Int: 18    God:    Yredelemnul [......]
Gold: 315           SH:  7    Dex: 13    Spells: 12/12 levels left

rFire   + +          .
                       - Unarmed
rCold   + . .        E - +2 buckler
rNeg    . . .        W - +3 robe of the Poles {rC+ Str+2 Int+3}
rPois   +            B - +0 helmet
rElec   .            e - +0 cloak
rCorr   +            p - +0 pair of gloves
SInv    .            (no barding)
Will    .....        f - amulet of regeneration
Stlth   +            q - ring "Myvuire Lidu" {rPois rF++ rCorr Int+4}
HPRegen 1.15/turn    (no ring)
MPRegen 0.17/turn

%: no teleportation, roll
@: heavily drained
A: large, deformed body, tough skin 3, armoured tail, roll 2
a: Renounce Religion, Recall Undead Harvest


You were in a Gauntlet.
You worshipped Yredelemnul.
Yredelemnul was aware of your devotion.
You visited 2 branches of the dungeon, and saw 16 of its levels.
You also visited: Gauntlet.

You collected 1124 gold pieces.
You spent 809 gold pieces at shops.

Inventory:

Missiles
 m - 5 silver javelins
 t - 4 boomerangs (quivered)
Armour
 a - a +1 animal skin
 e - a +0 cloak (worn)
 p - a +0 pair of gloves (worn)
 x - the +0 buckler "Sudar" {Rampage SInv}
   (You bought it in a shop on level 1 of the Dungeon)

   SInv:      It lets you see invisible.
   Rampage:   It bestows one free step when moving towards enemies.
 B - a +0 helmet (worn)
 E - a +2 buckler (worn)
 M - the +2 pair of gloves "Weleith" {rCorr Int+3 Dex-5}
   (You bought it in a shop on level 11 of the Dungeon)

   Int+3:     It affects your intelligence (+3).
   Dex-5:     It affects your dexterity (-5).
   rCorr:     It protects you from acid and corrosion.
 W - the +3 robe of the Poles (worn) {rC+ Str+2 Int+3}
   (You found it in a Gauntlet)

   Str+2:     It affects your strength (+2).
   Int+3:     It affects your intelligence (+3).
   rC+:       It protects you from cold.
Jewellery
 f - an amulet of regeneration (around neck)
 q - the ring "Myvuire Lidu" (left hand) {rPois rF++ rCorr Int+4}
   (You found it on level 4 of the Dungeon)

   [ring of poison resistance]

   Int+4:     It affects your intelligence (+4).
   rF++:      It greatly protects you from fire.
   rPois:     It protects you from poison rCorr: It protects you from acid and
   corrosion.
 C - an amulet of reflection
 H - a ring of see invisible
 I - a ring of willpower
 J - an amulet of guardian spirit
 S - a +6 ring of dexterity
 U - a +6 ring of strength
Talismans
 c - a beast talisman
 d - a flux talisman
 v - a maw talisman
Wands
 l - a wand of charming (23)
 r - a wand of roots (14)
 F - a wand of flame (11)
 L - a wand of polymorph (13)
 O - a wand of digging (3)
Scrolls
 h - 4 scrolls of noise
 i - 2 scrolls of amnesia
 k - 9 scrolls of teleportation
 o - 7 scrolls of identify
 w - 3 scrolls of vulnerability
 y - 3 scrolls of fear
 z - 4 scrolls of immolation
 G - a scroll of enchant weapon
 N - a scroll of torment
 P - a scroll of summoning
 R - a scroll of blinking
 V - a scroll of enchant armour
Potions
 b - 4 potions of lignification
 g - 3 potions of curing
 j - 3 potions of mutation
 n - 4 potions of cancellation
 s - 4 potions of degeneration
 u - a potion of berserk rage
 A - a potion of attraction
 D - 2 potions of brilliance
 Q - a potion of resistance
Miscellaneous
 K - a box of beasts


   Skills:
 + Level 10.7 Fighting
 + Level 3.4 Dodging
 - Level 5.0 Shields
 * Level 11.3 Unarmed Combat
 - Level 10.2 Invocations
 - Level 10.0 Shapeshifting


You had 12 spell levels left.
You didn't know any spells.
Your spell library contained the following spells:

 Spells                   Type           Power      Damage    Failure   Level
 Freeze                   Ice            0%         1d3       26%         1
 Kiss of Death            Conj/Necr      0%         2d5       26%         1
 Magic Dart               Conj           0%         1d3       26%         1
 Shock                    Conj/Air       0%         1d3       26%         1
 Sting                    Conj/Alch      0%         1d3       26%         1
 Call Imp                 Summ           0%         N/A       36%         2
 Cigotuvi's Dreadful Rot  Necr/Alch/Air  0%         N/A       36%         2
 Ensorcelled Hibernation  Hex/Ice        0%         N/A       36%         2
 Mercury Vapours          Alch/Air       0%         N/A       36%         2
 Searing Ray              Conj           0%         2d4       36%         2
 Static Discharge         Conj/Air       0%         3-3/arc   36%         2
 Sublimation of Blood     Necr           0%         N/A       36%         2
 Call Canine Familiar     Summ           0%         N/A       61%         3
 Confusing Touch          Hex            0%         N/A       61%         3
 Passwall                 Erth           0%         N/A       61%         3
 Swiftness                Air            0%         N/A       61%         3
 Tukima's Dance           Hex            0%         N/A       61%         3
 Airstrike                Air            0%         2d(0-16)  95%         4
 Cause Fear               Hex            0%         N/A       95%         4
 Dispel Undead            Necr           0%         3d6       95%         4
 Fulminant Prism          Conj/Alch      0%         3d5       95%         4
 Ignite Poison            Fire/Alch      0%         N/A       95%         4
 Olgreb's Toxic Radiance  Alch           0%         N/A       95%         4
 Passage of Golubria      Tloc           0%         N/A       95%         4
 Summon Lightning Spire   Summ/Air       0%         N/A       95%         4
 Arcjolt                  Conj/Air       0%         1d10      100%        5
 Fireball                 Conj/Fire      0%         3d3       100%        5
 Freezing Cloud           Conj/Ice/Air   0%         6-21      100%        5
 Yara's Violent Unravell  Hex/Alch       0%         3d3       100%        5
 Haunt                    Necr/Summ      0%         N/A       100%        7
 Summon Hydra             Summ           0%         N/A       100%        7
 Borgnjor's Revivificati  Necr           0%         N/A       100%        8
 Death's Door             Necr           0%         N/A       100%        9
 Dragon's Call            Summ           0%         N/A       100%        9


Dungeon Overview and Level Annotations

Branches:
Dungeon (13/15)            Temple (0/1) D:5            Lair (3/5) D:9
  Swamp (0/4) Lair:2          Orc (0/2) D:10         Vaults (0/5) D:13
Gauntlet (1/1)
  Snake: Lair:2-3    Spider: Lair:2-3

Altars:
Ashenzari
Dithmenos
Gozag
Kikubaaqudgha
Ru
Trog
Wu Jian
Xom
Yredelemnul

Shops:
D:1 [*!   D:3 =   D:4 (   D:7 *   D:10 ?   D:11 =[(

Annotations:
Gauntlet 11 transporters, 2 runed translucent doors, exclusions: obsidian statue and oklob plant


Innate Abilities, Weirdness & Mutations

Armour fits poorly on your strangely shaped body.
You have extremely tough skin. (AC +3)
You have a long armoured tail.
You regenerate magic and health when rolling toward enemies. (Rampage Regen)


Message History

The bolt of negative energy hits you!
You feel drained.
You take 14 damage, and have 67/106 hp.
You completely miss the laughing skull.
The laughing skull is heavily damaged.
The laughing skull barely misses you.
The laughing skull headbutts you but does no damage.
You miss the laughing skull.
The laughing skull is heavily damaged.
The laughing skull headbutts you! The laughing skull barely misses you.
You take 10 damage, and have 58/106 hp.
You miss the laughing skull.
The laughing skull is heavily damaged.
The laughing skull gibbers with scorn.
The bolt of negative energy hits you!!
You feel drained. You block the laughing skull's attack.
You take 19 damage, and have 39/102 hp.
You hit the laughing skull.
The laughing skull is severely damaged.
The laughing skull headbutts you! The laughing skull barely misses you.
The laughing skull gibbers with scorn.
The bolt of negative energy hits you!
You feel drained.
* * * LOW HITPOINT WARNING * * *
You take 21 damage, and have 18/99 hp.
MASSIVE DAMAGE!!
You miss the laughing skull.
The laughing skull is severely damaged.
The laughing skull headbutts you!
* * * LOW HITPOINT WARNING * * *
The laughing skull headbutts you!
* * * LOW HITPOINT WARNING * * *
You block the laughing skull's attack.
You take 15 damage, and have 3/99 hp.
You feel much better.
The laughing skull lets out a vicious peal of laugher.
The bolt of negative energy hits you!!
You feel drained.
* * * LOW HITPOINT WARNING * * *
The laughing skull cackles spitefully.
The bolt of negative energy misses you. The laughing skull headbutts you!
You die...
The laughing skull crumbles to pieces from sheer joy.
Your body rises from the dead as a mindless zombie.

.#.#.#[.##..#..##≈##..#..#..#...[
.#...#.#©#..#.........#..#.....33
.#########..#.........#..########
.........#..###########..#.......
.#########..#.......zz#..########
.#ZZ.....#..#.#.##.##.#..###...##
.#Z##^..!#..#...#..#.)#..###...##
.#Z##.^.[#..#..##.##..#..#..+##.#
©#..©###Z#©©#..#@z#..©#©©#..#©#!©
.#...###Z#..#.##z##.#!#..#..##+$#
.#.#.###.#..#.°..#..#=#..###..3##
.#.....ZZ#..#.#.##.##.#..###332##
.#########..#.........#..########
.........#..###########..#.......
.#########..#.........#..########
.#...5355#..#.........#..#.......
.###.###.#..#..##≈##..#..#..####!


You could see 2 laughing skulls.

Vanquished Creatures
  An eleionoma (Lair:2)
  A hydra (D:13)
  A vault guard (D:13)
  A centaur warrior (D:13)
  A two-headed ogre (D:11)
  Amaemon (Lair:2)
  4 cyclopes
  Joseph (D:8)
  An orange demon (Lair:2)
  2 cane toads
  2 gargoyles (D:12)
  3 komodo dragons
  7 trolls
  3 blink frogs (Lair:2)
  4 slime creatures
  A water elemental (D:10)
  4 wyverns
  A wraith (D:11)
  26 yaks
  2 basilisks
  3 steam dragons
  6 vampire mosquitoes
  3 acid dragons
  3 water moccasins
  4 orc warriors
  3 black bears
  2 sky beasts
  A laughing skull (Gauntlet)
  8 wolves
  15 centaurs
  A phantom (D:5)
  A weeping skull (Gauntlet)
  6 bullfrogs
  A scorpion (D:5)
  12 killer bees
  2 electric eels (D:8)
  6 howler monkeys
  3 hounds
  2 bombardier beetles
  4 jellies
  3 gnoll boudas
  5 orc priests
  A sleepcap (D:5)
  4 iguanas
  4 orc wizards
  13 gnolls
  5 adders
  A shadow imp (Gauntlet)
  2 white imps
  2 ufetubi (D:5)
  4 dart slugs
  2 ribbon worms
  25 orcs
  10 endoplasms
  3 giant cockroaches (D:2)
  9 hobgoblins
  6 jackals (D:2)
  7 kobolds
  A quokka (D:3)
  5 ball pythons
  4 bats
  2 frilled lizards
  14 goblins
  A kobold zombie (D:4)
  2 rats
288 creatures vanquished.

Vanquished Creatures (collateral kills)
  An entropy weaver (D:13)
  Erolcha (D:13)
  Erica (Lair:2)
  A skyshark (Lair:2)
  2 deep elf pyromancers (D:10)
  An ugly thing (D:10)
  A manticore (D:11)
  A gargoyle (D:10)
  A cane toad (Lair:2)
  A kobold demonologist (D:10)
  A rime drake (Lair:2)
  A komodo dragon (Lair:1)
  Psyche (D:9)
  2 blink frogs (Lair:2)
  6 slime creatures
  13 yaks
  A basilisk (D:9)
  A water elemental (D:10)
  A steam dragon (Lair:2)
  A vampire mosquito (D:13)
  An acid dragon (D:13)
  6 water moccasins
  2 wolves
  An ogre (D:5)
  A centaur (D:13)
  A scorpion (D:6)
  A bullfrog (D:9)
  5 killer bees
  A howler monkey (D:9)
  An electric eel (D:8)
  4 jellies (D:10)
  A hound (D:5)
  An orc priest (D:10)
  An iguana (D:4)
  An orc wizard (D:5)
  A ribbon worm (D:5)
  9 orcs
  An endoplasm (D:4)
  A goblin (D:3)
  A frilled lizard (D:3)
80 creatures vanquished.

Vanquished Creatures (others)
  A slime creature zombie (D:8)
  A spectral troll (D:13)
  A spectral blink frog (Lair:2)
  4 yak zombies
  2 spectral wolves
  A spectral centaur (D:13)
  3 centaur zombies
  A basilisk zombie (D:13)
  A kobold zombie (D:10)
  A human zombie (D:8)
  6 killer bee zombies
  4 howler monkey zombies
  A steam dragon zombie (D:8)
  A jelly zombie (D:10)
  4 gnoll zombies
  A bombardier beetle zombie (D:6)
  A goblin zombie (D:3)
  A hobgoblin zombie (D:3)
  7 orc zombies
  A spectral orc (D:12)
43 creatures vanquished.

Grand Total: 411 creatures vanquished

Notes
Turn   | Place    | Note
-------+----------+-------------------------------------------
     0 | D:1      | jasper the Armataur Shapeshifter began the quest for the
                  | Orb.
     0 | D:1      | Reached XP level 1. HP: 15/15 MP: 1/1
    55 | D:1      | Reached skill level 1 in Fighting
    72 | D:1      | Found Ystaxt's Antique Armour Emporium.
   144 | D:1      | Reached skill level 3 in Unarmed Combat
   145 | D:1      | Reached XP level 2. HP: 21/23 MP: 2/2
   351 | D:1      | Found Foiw's General Store.
   364 | D:1      | Bought a scroll of teleportation for 30 gold pieces
   591 | D:1      | Found Pirizaan's Distillery.
   888 | D:2      | Reached XP level 3. HP: 21/29 MP: 3/3
  1135 | D:2      | Found a faded altar of an unknown god.
  1143 | D:2      | Got Plato's Textbook on Chilblains
  1144 | D:2      | Prayed at the altar of an unknown god.
  1144 | D:2      | Became a worshipper of Yredelemnul the Dark
  1144 | D:2      | Reached * piety under Yredelemnul
  1267 | D:2      | Reached ** piety under Yredelemnul
  1646 | D:3      | Reached XP level 4. HP: 37/37 MP: 4/4
  1798 | D:3      | Reached skill level 4 in Unarmed Combat
  1975 | D:3      | Found Viun's Jewellery Emporium.
  2029 | D:3      | Reached XP level 5. HP: 44/45 MP: 5/5
  2806 | D:4      | Identified the ring "Myvuire Lidu" {rPois rF++ rCorr Int+4}
  2975 | D:4      | Noticed a black bear
  2986 | D:4      | Killed a black bear
  2987 | D:4      | Reached XP level 6. HP: 52/52 MP: 6/6
  3046 | D:4      | Found Gaetaudo's Weapon Shoppe.
  3189 | D:5      | Entered Level 5 of the Dungeon
  3192 | D:5      | Noticed a water moccasin
  3209 | D:5      | Killed a water moccasin
  3210 | D:5      | Reached skill level 5 in Unarmed Combat
  3274 | D:5      | Found an ancient bone altar of Kikubaaqudgha.
  3322 | D:5      | Gained mutation: You regenerate magic and health when
                  | rolling toward enemies. (Rampage Regen) [Armataur growth]
  3322 | D:5      | Reached XP level 7. HP: 25/60 MP: 7/7
  3368 | D:5      | Found a staircase to the Ecumenical Temple.
  3427 | D:5      | Reached skill level 5 in Fighting
  3454 | D:5      | Reached *** piety under Yredelemnul
  3454 | D:5      | Reached skill level 6 in Unarmed Combat
  3570 | D:5      | Reached **** piety under Yredelemnul
  3613 | D:5      | Got the Grimoire of Unified Gases
  3855 | D:5      | Reached ***** piety under Yredelemnul
  4074 | D:6      | Reached XP level 8. HP: 69/70 MP: 8/8
  4147 | D:6      | Reached skill level 7 in Unarmed Combat
  4627 | D:1      | Bought a faintly humming buckler for 275 gold pieces
  4627 | D:1      | Identified the +0 buckler "Sudar" {Rampage SInv} (You
                  | bought it in a shop on level 1 of the Dungeon)
  4788 | D:6      | Found a shadowy altar of Dithmenos.
  4789 | D:6      | Found an opulent altar of Gozag.
  4790 | D:6      | Found an ornate altar of the Wu Jian Council.
  4790 | D:6      | Found a bloodstained altar of Trog.
  4792 | D:6      | Found a shimmering altar of Xom.
  4792 | D:6      | Found a broken altar of Ashenzari.
  4793 | D:6      | Found a sacrificial altar of Ru.
  4924 | D:7      | Reached skill level 1 in Shields
  5116 | D:7      | Found Vekli's Assorted Antiques.
  5145 | D:7      | Reached skill level 8 in Unarmed Combat
  5145 | D:7      | Reached XP level 9. HP: 59/79 MP: 9/9
  5542 | D:8      | Noticed Joseph
  5579 | D:8      | Killed Joseph
  5582 | D:8      | Reached skill level 9 in Unarmed Combat
  5599 | D:8      | Your ally Joseph died
  5689 | D:8      | Reached XP level 10. HP: 33/91 MP: 10/10
  6482 | D:1      | Bought a pair of gloves for 130 gold pieces
  6889 | D:9      | Noticed Psyche
  6895 | D:9      | Reached skill level 10 in Unarmed Combat
  6897 | D:9      | Killed Psyche
  6903 | D:9      | Reached skill level 10 in Fighting
  6931 | D:9      | Identified the +4 whip of Wobokemp {holy, rC- rN+++ rCorr
                  | Dex+2}
  7208 | D:9      | Reached skill level 5 in Shapeshifting
  7253 | D:9      | Found a staircase to the Lair.
  7531 | D:10     | Entered Level 10 of the Dungeon
  7803 | D:10     | Reached XP level 11. HP: 26/99 MP: 11/11
  8441 | D:10     | Found a staircase to the Orcish Mines.
  8508 | D:10     | Noticed a purple ugly thing
  8519 | D:10     | Killed a purple ugly thing
  8559 | D:10     | Reached ****** piety under Yredelemnul
  8670 | D:10     | Found Raownu's Magic Scroll Shop.
  8671 | D:10     | Noticed a deep elf pyromancer
  8686 | D:10     | Killed a deep elf pyromancer
  8692 | D:10     | Noticed a deep elf pyromancer
  8727 | D:10     | Killed a deep elf pyromancer
  8728 | D:10     | Reached skill level 10 in Shapeshifting
  8728 | D:10     | Reached skill level 1 in Invocations
  8805 | D:10     | Bought a scroll of fear for 60 gold pieces
  8805 | D:10     | Bought a scroll of fear for 60 gold pieces
  8805 | D:10     | Bought a scroll of teleportation for 45 gold pieces
  8961 | D:11     | Found Riteurih's Antique Armour Shoppe.
  8966 | D:11     | Noticed a two-headed ogre
  8977 | D:11     | Killed a two-headed ogre
  9057 | D:11     | Reached XP level 12. HP: 80/106 MP: 15/15
  9207 | D:11     | Reached skill level 5 in Invocations
  9301 | D:11     | Found Dazuckuk's Jewellery Boutique.
  9535 | D:11     | Found Hoirrua's Weapon Boutique.
 10065 | D:13     | Noticed a centaur warrior
 10072 | D:13     | Killed a centaur warrior
 10159 | D:13     | Noticed a six-headed hydra
 10166 | D:13     | Killed a six-headed hydra
 10361 | D:13     | Noticed Erolcha
 10719 | D:13     | Killed Erolcha
 10977 | D:13     | Found a gate to the Vaults.
 10978 | D:13     | Noticed an entropy weaver
 10979 | D:13     | Noticed a vault guard
 10994 | D:13     | Killed a vault guard
 10995 | D:13     | Killed an entropy weaver
 10996 | D:13     | Reached skill level 10 in Invocations
 11294 | D:11     | Bought a pair of crude gloves for 209 gold pieces
 11294 | D:11     | Identified the +2 pair of gloves "Weleith" {rCorr Int+3
                  | Dex-5} (You bought it in a shop on level 11 of the Dungeon)
 11398 | Lair:1   | Entered Level 1 of the Lair of Beasts
 12220 | Lair:1   | Reached skill level 5 in Shields
 12398 | Lair:2   | Reached XP level 13. HP: 113/113 MP: 20/20
 12484 | Lair:2   | Noticed Erica
 12491 | Lair:2   | Killed Erica
 12679 | Lair:2   | Noticed Amaemon
 12697 | Lair:2   | Killed Amaemon
 12698 | Lair:2   | Reached skill level 11 in Unarmed Combat
 12724 | Lair:2   | Found a staircase to the Swamp.
 12724 | Lair:2   | Noticed an eleionoma
 12731 | Lair:2   | Killed an eleionoma
 13214 | Lair:3   | Found a gate leading to a gauntlet.
 13222 | Gauntlet | Entered a Gauntlet
 13222 | Gauntlet | Found a transporter.
 13222 | Gauntlet | Found a transporter.
 13228 | Gauntlet | Found a transporter.
 13249 | Gauntlet | Found a transporter.
 13257 | Gauntlet | Found a transporter.
 13257 | Gauntlet | Found a transporter.
 13257 | Gauntlet | Found a transporter.
 13259 | Gauntlet | Found a transporter.
 13259 | Gauntlet | Found a transporter.
 13261 | Gauntlet | Noticed a cacodemon
 13274 | Gauntlet | Found a transporter.
 13287 | Gauntlet | Found a runed translucent door.
 13288 | Gauntlet | Found a transporter.
 13289 | Gauntlet | Found a runed translucent door.
 13298 | Gauntlet | Found a transporter.
 13312 | Gauntlet | Found a transporter.
 13346 | Gauntlet | Found a transporter.
 13376 | Gauntlet | Identified the +3 robe of the Poles {rC+ Str+2 Int+3}
 13430 | Gauntlet | HP: 3/99 [laughing skull (7)]
 13431 | Gauntlet | Slain by a laughing skull

Illustrated notes

Levels and vault maps discovered:
D:1:      lordsloth_arrival_two_stooges, layout_basic, serial_shops,
          nicolae_square_shop, shop, nicolae_shop_waterfront
D:2:      minmay_alternating_diamond, layout_loops_ring,
          shapermc_ecumenical_altar_rom_forum
D:3:      cheibrodos_greedy_goblins, layout_basic, serial_shops,
          nicolae_lakefront_shop, minmay_misc_feat_room,
          corexii_leaking_fountain
D:4:      layout_loops_ring, serial_shops, nicolae_diamond_shop
D:5:      layout_gridville, kennysheep_mini_moat,
          minmay_temple_entry_from_below_a, st_stairs_8,
          minmay_stone_trees_small, hangedman_decor_riveting
D:6:      layout_basic, grunt_temple_overflow_open
D:7:      layout_cave_pools, serial_shops, nicolae_take_the_stairs
D:8:      nicolae_moon_pools, layout_rooms, kennysheep_potato, uniq_joseph
D:9:      layout_small_grid, erik_lair_dragon, uniq_psyche
D:10:     regret_index_early_branch_jog, layout_irregular_city
D:11:     layout_basic, serial_shops, shop, nicolae_shop_bloodbath_and_beyond,
          shop
D:12:     layout_cave_pools
D:13:     layout_small_grid, hellmonk_vaults_order_and_chaos, st_stairs_4,
          uniq_erolcha
Lair:1:   layout_cave_pods
Lair:2:   layout_hall_layers, alex1729_swamp_entry_worm_eleionoma, uniq_amaemon,
          uniq_erica
Lair:3:   layout_roguey, nicolae_snake_entry_warm_welcome,
          gauntlet_entry_generic
Gauntlet: gammafunk_gauntlet_mixed_choke_point
          [minmay_gauntlet_arena_77_broken_ladder,
          minmay_gauntlet_arena_77_block_sizes,
          minmay_gauntlet_arena_77_radiant_squares,
          nicolae_gauntlet_arena_grate_2,
          minmay_gauntlet_arena_77_hold_the_fort,
          minmay_gauntlet_arena_77_cramped,
          minmay_gauntlet_arena_77_double_cross, gauntlet_exit_hidden_loot]

Skill      XL: |  1  2  3  4  5  6  7  8  9 10 11 12 13 |
---------------+----------------------------------------+-----
Fighting       | 1 2 3 4 6 7 9 10 | 10.7
Unarmed Combat | 3 4 5 6 8 9 10 11 | 11.3
Shields        | 1 4 5 |  5.0
Shapeshifting  | 6 10 | 10.0
Invocations    | 4 10 | 10.2
Dodging        | 2 3 |  3.4

Action                     |  1- 3 |  4- 6 |  7- 9 | 10-12 | 13-15 || total
---------------------------+-------+-------+-------+-------+-------++-------
  Melee: Unarmed           |    96 |   131 |   262 |   549 |    95 ||  1133
         Tailslap          |    12 |    15 |    35 |   101 |    15 ||   178
         Punch             |     2 |     8 |     4 |       |       ||    14
         Maw               |       |       |       |    99 |    34 ||   133
 Invoke: Dark Bargain      |       |     1 |       |     7 |     2 ||    10
         Recall Undead Har |       |       |       |     1 |       ||     1
         Bind Soul         |       |       |       |     1 |       ||     1
Ability: Begin Untransform |       |       |       |     1 |     1 ||     2
    Use: Scroll            |     5 |     6 |       |    11 |     1 ||    23
         Potion            |       |       |     5 |     5 |     1 ||    11
   Stab: Sleeping          |     7 |       |     1 |       |       ||     8
         Distracted        |       |     2 |       |     6 |     1 ||     9
 Armour: Animal skin       |    44 |   100 |   266 |   249 |       ||   659
         Skin              |       |       |     5 |   270 |    52 ||   327
         Robe              |       |       |       |       |    22 ||    22
  Dodge: Dodged            |    35 |    54 |   123 |   221 |    46 ||   479
  Block: Buckler           |       |       |    22 |   170 |    23 ||   215
   Form: Maw               |       |       |       |     1 |       ||     1

Table legend: (Time is in decaauts)
 A = Elapsed time spent in this place.
 B = Non-inter-level travel time spent in this place.
 C = Inter-level travel time spent in this place.
 D = Time resting spent in this place.
 E = Time spent auto-exploring this place.
 F = Levels seen in this place.
 G = Mean time per level.
                   A        B        C        D        E       F      G
               +--------+--------+--------+--------+--------+-----+--------+
         Total |  13297 |  12270 |   1027 |   1578 |   8032 |  17 |  782.2 |
       Dungeon |  11297 |  10337 |    960 |   1433 |   6681 |  13 |  869.0 |
          Lair |   1795 |   1729 |     66 |    145 |   1215 |   3 |  598.3 |
      Gauntlet |    204 |    204 |      0 |      0 |    136 |   1 |  204.0 |
               +--------+--------+--------+--------+--------+-----+--------+

Top non-repeatable levels by time:
    D:10: 1379 daAuts
    D:13: 1230 daAuts
     D:2: 1013 daAuts
     D:9: 1003 daAuts
  Lair:1: 962 daAuts
     D:3: 955 daAuts
     D:8: 877 daAuts
     D:5: 875 daAuts
     D:6: 752 daAuts
  Lair:2: 751 daAuts
     D:1: 741 daAuts
     D:4: 686 daAuts
    D:11: 668 daAuts
     D:7: 656 daAuts
    D:12: 456 daAuts
